 Dungeon Crawl Stone Soup version 0.31-a0-155-gb63f529262 (webtiles) character file.

Game seed: 14030670575877434879

16 Ijustatesigmund the Stinger (level 2, -4/18 HPs)
             Began as an Octopode Venom Mage on June 12, 2023.
             Slain by Terence
             ... wielding a +0 flail
              (9 damage)
             ... on level 2 of the Dungeon.
             The game lasted 00:01:51 (683 turns).

Ijustatesigmund the Stinger (Octopode Venom Mage)    Turns: 683, Time: 00:01:51

Health: -4/18      AC:  1    Str:  7    XL:     2   Next: 58%
Magic:  2/5        EV: 13    Int: 17    God:
Gold:   53         SH:  0    Dex: 12    Spells: 2/5 levels left

rFire   . . .        e - +0 spear
rCold   . . .        (no shield)
rNeg    . . .        (helmet restricted)
rPois   .            (no amulet)
rElec   .            k - ring of flight
rCorr   .            (no ring)
SInv    .            (no ring)
Will    .....        (no ring)
Stlth   +++          (no ring)
HPRegen 0.23/turn    (no ring)
MPRegen 0.09/turn    (no ring)
                     (no ring)

%: no passive effects
@: mighty, flying
A: almost no armour, amphibious, 8 rings, camouflage 1, gelatinous body 1,
(nimble swimmer 1), tentacles
a: no special abilities


You were on level 2 of the Dungeon.
You visited 1 branch of the dungeon, and saw 2 of its levels.

You collected 53 gold pieces.

Inventory:

Hand Weapons
 e - a +0 spear (weapon)
Jewellery
 k - a ring of flight (left tentacle)
Scrolls
 b - a scroll of poison {unknown}
 c - a scroll of fog {unknown}
 f - 2 scrolls of identify {unknown}
 g - a scroll of enchant armour {unknown}
 h - a scroll of noise {unknown}
 i - a scroll of teleportation {unknown}
 l - a scroll of vulnerability {unknown}
Potions
 a - a potion of magic
 j - a potion of haste {unknown}


   Skills:
 + Level 1.0 Fighting
 - Level 2.0 Dodging
 - Level 2.6 Stealth
 + Level 2.2 Spellcasting
 - Level 1.0 Transmutations
 + Level 0.4 Air Magic
 + Level 4.0 Poison Magic


You had 2 spell levels left.
You knew the following spells:

 Your Spells              Type           Power      Damage    Failure   Level
a - Sting                 Tmut/Pois      40%        1d5       7%          1
b - Poisonous Vapours     Pois/Air       18%        N/A       12%         2

Your spell library contained the following spells:

 Spells                   Type           Power      Damage    Failure   Level
 Shock                    Conj/Air       8%         1d3       17%         1
 Mephitic Cloud           Conj/Pois/Air  6%         N/A       30%         3
 Olgreb's Toxic Radiance  Pois           15%        N/A       34%         4
 Swiftness                Air            3%         N/A       43%         3
 Airstrike                Air            1%         2d(1-17)  85%         4


Dungeon Overview and Level Annotations

Branches:
Dungeon (2/15)

Altars:

Annotations:
D:2 Terence


Innate Abilities, Weirdness & Mutations

You cannot wear most types of armour.
You are amphibious.
You can wear up to eight rings at the same time.
Your skin changes colour to match your surroundings (Stealth+).
Your rubbery body absorbs attacks. (AC +1, EV +1)
((You are camouflaged when in or above water. (Stealth+)))
You have tentacles for arms and can constrict up to eight enemies at once.


Message History

HP restored.
You now have 53 gold pieces (gained 6).
Things that are here:
a +0 dagger; a kobold corpse You see here a +0 pair of boots.
Terence the Incautious comes into view.
He is wielding a +0 flail.
Terence shouts!
Casting: Poisonous Vapours (safe; 12% risk of failure)
Confirm with . or Enter, or press ? or * to list all spells.
Aiming: Poisonous Vapours (safe; 12% risk of failure)
Press: ? - help, Dir - move target, f - Terence
Aim: Terence, wielding a +0 flail and wearing a +0 chain mail Poisonous vapours surround Terence!
Terence is poisoned.
Casting: Poisonous Vapours (safe; 12% risk of failure)
Confirm with . or Enter, or press ? or * to list all spells.
Aiming: Poisonous Vapours (safe; 12% risk of failure)
Press: ? - help, Dir - move target, f/p - Terence
Aim: Terence, wielding a +0 flail and wearing a +0 chain mail (lightly wounded, poisoned) Poisonous vapours surround Terence!
Terence looks even sicker.
Casting: Poisonous Vapours (safe; 12% risk of failure)
Confirm with . or Enter, or press ? or * to list all spells.
You don't have enough magic to cast this spell.
Terence misses you.
You completely miss Terence. Your grab misses Terence.
Terence is moderately wounded.
Terence hits you with a +0 flail!
Ouch! That really hurt!
You barely miss Terence. You grab Terence.
Terence is heavily wounded.
You constrict Terence. Terence barely misses you.
You hit Terence but do no damage. You squeeze Terence.
Terence is heavily wounded.
You constrict Terence, but do no damage.
Terence hits you with a +0 flail.
* * * LOW HITPOINT WARNING * * *
It was a potion of might.
You feel very mighty all of a sudden.
You constrict Terence. Terence hits you with a +0 flail!
Ouch! That really hurt!
You die...

# # #########
#####>......#
...)..#####.#
####.....##.# #
##.##.##.######
#
#..[.........#
#
############.#
#@# #@# ... #
#...# # .....
....#.. ....#..
#....#...


You could see Terence (poisoned).

Vanquished Creatures
  A bat zombie (D:2)
  A giant cockroach (D:1)
  A hobgoblin (D:1)
  2 jackals (D:1)
  4 kobolds
  A quokka (D:1)
  2 bats (D:1)
  A frilled lizard (D:2)
  A goblin (D:1)
  A rat (D:1)
15 creatures vanquished.

Notes
Turn   | Place    | Note
-------+----------+-------------------------------------------
     0 | D:1      | Ijustatesigmund the Octopode Venom Mage began the quest for
                  | the Orb.
     0 | D:1      | Reached XP level 1. HP: 11/11 MP: 3/3
   240 | D:1      | Reached XP level 2. HP: 18/18 MP: 3/5
   243 | D:1      | Learned a level 2 spell: Poisonous Vapours
   510 | D:1      | Found a faded altar of an unknown god.
   621 | D:2      | Reached skill level 4 in Poison Magic
   630 | D:2      | Reached skill level 1 in Fighting
   673 | D:2      | Noticed Terence
   683 | D:2      | Slain by Terence

Illustrated notes

Levels and vault maps discovered:
D:1:      minmay_arrival_plants_in_alcoves, layout_rooms,
          basic_ecumenical_altar, minmay_tiny_reverse_x
D:2:      layout_loops_cross, serial_undead, serial_undead_d, serial_undead_a,
          serial_undead_b, serial_undead_e, serial_undead_d, serial_undead_e,
          uniq_crazy_yiuf_cottage, uniq_terence

Skill      XL: |  1  2 |
---------------+-------+-----
Poison Magic   | 4 |  4.0
Fighting       | 1 |  1.0
Dodging        | |  2.0
Stealth        | |  2.6
Spellcasting   | |  2.2
Transmutations | |  1.0
Air Magic      | |  0.4

Action                     || total
---------------------------++-------
  Melee: Whip              ||     4
         Constrict         ||     8
         Unarmed           ||     2
         Spear             ||    27
         Tentacles         ||     3
   Cast: Sting             ||     8
         Poisonous Vapours ||     4
    Use: Potion            ||     1
   Stab: Sleeping          ||     1
 Armour: Skin              ||     2
  Dodge: Dodged            ||    22

Table legend: (Time is in decaauts)
 A = Elapsed time spent in this place.
 B = Non-inter-level travel time spent in this place.
 C = Inter-level travel time spent in this place.
 D = Time resting spent in this place.
 E = Time spent auto-exploring this place.
 F = Levels seen in this place.
 G = Mean time per level.
                   A        B        C        D        E       F      G
               +--------+--------+--------+--------+--------+-----+--------+
         Total |    684 |    656 |     28 |    136 |    395 |   2 |  342.0 |
       Dungeon |    684 |    656 |     28 |    136 |    395 |   2 |  342.0 |
               +--------+--------+--------+--------+--------+-----+--------+

Top non-repeatable levels by time:
     D:1: 613 daAuts
     D:2: 71 daAuts
